 Dungeon Crawl Stone Soup version 0.25.1-2-g60ff931df9 (webtiles) character file.

Game seed: 17617464613319596048

898 DogServant the Archer (level 7, -3/63 HPs)
             Began as a Centaur Hunter on Nov 10, 2020.
             Slain by a gnoll
             ... wielding a +0 halberd
              (6 damage)
             ... on level 5 of the Dungeon.
             The game lasted 00:06:21 (4524 turns).

DogServant the Archer (Centaur Hunter)              Turns: 4524, Time: 00:06:21

Health: -3/63      AC: 11    Str: 16    XL:     7   Next: 79%
Magic:  7/7        EV:  7    Int:  8    God:
Gold:   166        SH:  0    Dex: 10    Spells: 6/6 levels left

rFire    + . .     SeeInvis +   a - +1 shortbow
rCold    . . .     Gourm    .   (shield currently unavailable)
rNeg     . . .     Faith    .   s - +0 chain mail
rPois    .         Spirit   .   (no helmet)
rElec    .         Reflect  .   b - +2 cloak {MR+}
rCorr    .         Harm     .   l - +0 pair of gloves
MR       +....                  (no barding)
Stlth    ..........             (no amulet)
HPRegen  0.20/turn              n - ring of protection from fire
MPRegen  0.10/turn              g - ring of see invisible

@: very quick
A: large, hooves 3, repulsion field 1, deformed body, dopey 1, speed 2, sense
surroundings 1, tough skin 3
a: no special abilities


You were on level 5 of the Dungeon.
You were very hungry.

You visited 2 branches of the dungeon, and saw 6 of its levels.

You collected 166 gold pieces.

Inventory:

Hand Weapons
 a - a +1 shortbow (weapon)
 v - a +1 trident of flaming
Missiles
 d - 46 arrows (quivered)
 m - 44 poisoned darts
Armour
 b - a +2 cloak of magic resistance (worn)
 c - a +0 leather armour
 l - a +0 pair of gloves (worn)
 s - a +0 chain mail (worn)
Jewellery
 g - a ring of see invisible (right hand)
 n - a ring of protection from fire (left hand)
Scrolls
 h - 2 scrolls of remove curse
 k - a scroll of fear {unknown}
 q - a scroll of enchant armour
 u - 2 scrolls of amnesia
 A - a scroll of teleportation
 B - a scroll of enchant weapon {unknown}
Potions
 i - a potion of stabbing
 o - 2 potions of curing
 p - a potion of brilliance {unknown}
 r - a potion of resistance {unknown}
 t - a potion of might {unknown}
 z - a potion of ambrosia {unknown}
Comestibles
 f - 9 rations


   Skills:
 - Level 6.0 Fighting
 + Level 2.6 Polearms
 + Level 9.2 Bows
 + Level 0.5 Armour
 + Level 1.6 Dodging
 - Level 0.4 Stealth


You had 6 spell levels left.
You didn't know any spells.
Your spell library was empty.

Dungeon Overview and Level Annotations

Branches:
Dungeon (5/15)             Temple (1/1) D:4

Altars:
Ashenzari
Cheibriados
Dithmenos
Elyvilon
Fedhas
Gozag
Kikubaaqudgha
Makhleb
Nemelex Xobeh
Qazlal
Sif Muna
Vehumet
Wu Jian
Yredelemnul
Zin
The Shining One


Innate Abilities, Weirdness & Mutations

You have hooves in place of feet.
Armour fits poorly on your strangely shaped body.
You cover ground very quickly.
You have extremely tough skin. (AC +3)
You are surrounded by a mild repulsion field. (EV +2)
You are dopey. (Int -2)
You passively map a small area around you.


Message History

Training target 6.0 for Fighting reached!
Your Fighting skill increases to level 6!
The gnoll hits you from afar with a +0 halberd.
* * * LOW HITPOINT WARNING * * *
Firing (i - inventory. (/) - cycle)
d - 49 arrows (quivered)
Press: ? - help, Shift-Dir - straight line, f - gnoll
Aim: a gnoll, wielding a +0 halberd You shoot an arrow.
The arrow barely misses the gnoll.
Firing (i - inventory. (/) - cycle)
d - 48 arrows (quivered)
Press: ? - help, Shift-Dir - straight line, f/p - gnoll
Aim: a gnoll, wielding a +0 halberd You shoot an arrow.
The arrow hits the gnoll.
The gnoll is lightly wounded.
The gnoll barely misses you.
Firing (i - inventory. (/) - cycle)
d - 47 arrows (quivered)
Press: ? - help, Shift-Dir - straight line, f/p - gnoll
Aim: a gnoll, wielding a +0 halberd (lightly wounded)
You shoot an arrow. The arrow barely misses the gnoll.
The gnoll hits you from afar with a +0 halberd.
You die...

.(..:...##.......... ,
#.(................ ,
+.(.............(..
*#+#............##'###
#....................
#..(..((....g.......
#..(.g####..........
#..().# #.......... ,,
#..@..# #..........
#.(...# #...<...... ,
, #.....# #..........
, #.)...# #.....[....
* #.....# #..........
####### #..........
#........(.
#..........
###########


You could see a gnoll.

Vanquished Creatures
  Grinder (D:3)
  3 ogres
  A crimson imp (D:5)
  A jelly (D:5)
  3 orc wizards
  4 worker ants
  6 gnolls
  A howler monkey skeleton (D:2)
  6 adders
  An ooze (D:2)
  4 worms
  A leopard gecko (D:1)
  12 orcs
  6 giant cockroaches
  4 goblins (D:1)
  9 hobgoblins
  3 jackals (D:3)
  4 bats
  4 frilled lizards
  2 jackal skeletons (D:4)
  6 kobolds
  A leopard gecko skeleton (D:4)
  A quokka skeleton (D:4)
  6 rats
90 creatures vanquished.

Notes
Turn   | Place    | Note
-------+----------+-------------------------------------------
     0 | D:1      | DogServant the Centaur Hunter began the quest for the Orb.
     0 | D:1      | Reached XP level 1. HP: 17/17 MP: 1/1
   241 | D:1      | Reached XP level 2. HP: 25/25 MP: 2/2
   785 | D:2      | Reached skill level 6 in Bows
   952 | D:2      | Found a snail-covered altar of Cheibriados.
   960 | D:2      | Reached XP level 3. HP: 29/30 MP: 3/3
  1649 | D:3      | Reached XP level 4. HP: 33/38 MP: 4/4
  1690 | D:3      | Noticed Grinder
  1704 | D:3      | Killed Grinder
  1704 | D:3      | Reached skill level 7 in Bows
  1704 | D:3      | Reached XP level 5. HP: 19/47 MP: 5/5
  1704 | D:3      | Reached XP level 6. HP: 22/53 MP: 6/6
  2186 | D:3      | Reached skill level 8 in Bows
  2218 | D:3      | Found a shimmering blue altar of Sif Muna.
  2297 | D:3      | Reached skill level 5 in Fighting
  2656 | D:3      | Found a stormy altar of Qazlal.
  2657 | D:3      | Found a blossoming altar of Fedhas.
  3227 | D:4      | Reached skill level 1 in Polearms
  3276 | D:4      | Reached XP level 7. HP: 54/61 MP: 7/7
  3408 | D:4      | Found a staircase to the Ecumenical Temple.
  3428 | Temple   | Entered the Ecumenical Temple
  4034 | D:5      | Entered Level 5 of the Dungeon
  4083 | D:5      | Reached skill level 9 in Bows
  4239 | D:4      | Gained mutation: You are dopey. (Int -2) [potion of
                  | mutation]
  4239 | D:4      | Gained mutation: You are surrounded by a mild repulsion
                  | field. (EV +2) [potion of mutation]
  4239 | D:4      | Gained mutation: You passively map a small area around you.
                  | [potion of mutation]
  4521 | D:5      | HP: 2/63 [gnoll/+0 halberd (3)]
  4524 | D:5      | Slain by a gnoll

Illustrated notes

Levels and vault maps discovered:
D:1:      minmay_arrival_three_doors, layout_loops_ring, minmay_pentomino_o4
D:2:      layout_basic, cheibriados_altar_1
D:3:      layout_loops_ring, grunt_temple_overflow_forces_of_nature,
          old_standard_altar, first_ration, uniq_grinder
D:4:      layout_layer_cave, minmay_temple_entry_sparse_star
D:5:      layout_basic, kennysheep_mini, lemuel_another_geyser
Temple:   chequers_temple_sunken

Skill      XL: |  1  2  3  4  5  6  7 |
---------------+----------------------+-----
Bows           | 6 7 8 9 |  9.2
Fighting       | 3 4 5 6 |  6.0
Polearms       | 1 2 |  2.6
Armour         | |  0.5
Dodging        | |  1.6
Stealth        | |  0.4

Action                   |  1- 3 |  4- 6 |  7- 9 || total
-------------------------+-------+-------+-------++-------
Melee: Short sword       |    35 |       |       ||    35
       Kick              |    12 |    13 |     7 ||    32
       Mace              |    18 |       |       ||    18
       War axe           |    34 |    20 |       ||    54
       Trident           |       |    41 |    32 ||    73
       Halberd           |       |    32 |       ||    32
 Fire: Shortbow          |    19 |    41 |    47 ||   107
Throw: Dart              |       |       |     5 ||     5
  Use: Scroll            |     2 |       |     7 ||     9
       Potion            |       |       |     1 ||     1
  Eat: Chunk             |     1 |     5 |     2 ||     8
Armor: Leather armour    |    42 |     8 |       ||    50
       Chain mail        |       |    39 |    30 ||    69
Dodge: Dodged            |    45 |    30 |    11 ||    86
